Yabala, lawful female human Valkyrie ----- |<..--- ------- --- |.....---|. |.....| . --..|....|.- |.._..| ---+--.- -.|-.....--- |.....| ---- |...|-.| ........|--- ---|--- |..---- |--|-..--- -.|....|..-- |.| ---+-.....-+--........--+- ---..|....| |..#* --......--......)......@..| ----- |..|..... --..- ..|.......-|..--------|--.f-- %%% --......- ..*.----- ....{....|--|.........|..- ... |........ ........--- -........| |%!).[.[?!|...| -|- ----....- --- ---......-- -----....--- -----------.d.| ---- -.---...-|...-- |..| |..---...|.--..|...|....| ----- |..|-.........|..--- |..| ....|.....|........---...-|.(((| |..-...............-.---.-----..--..........--....|-...-.(((| -----.....{....----...............|...`.................|.(((| |..............-- -+--.---------. .......--.. .......| ----- -+-----.........| |.| (((| ......-- .|.... --..------- |.-.(((| -...... ---- ---.(((| ----- Yabala the Fighter Experience level: 6 Strength: 14 Dexterity: 18 Constitution: 18 Intelligence: 10 Wisdom: 9 Charisma: 8 Health: 0(62) Energy: 17(17) Def: 11 Gold: 208 Moves: 2538 Dungeon seed: h1E4V0y0ezDIpsG- Game ID: Yabala_1496995710 Your Inventory: Coins $ - 208 gold pieces Weapons a - an uncursed +1 long sword (weapon in hand) b - a blessed +0 dagger L - 10 uncursed +0 daggers U - 2 blessed +3 daggers Armor e - an uncursed +3 small shield (being worn) n - an uncursed +1 pair of iron shoes q - an uncursed +0 orcish helm (being worn) r - an uncursed +0 leather armor (being worn) z - a blessed +2 pair of high boots (being worn) J - an uncursed +0 dwarvish cloak (being worn) Comestibles c - 4 uncursed food rations A - 2 uncursed tripe rations M - an uncursed lichen corpse Scrolls f - 2 uncursed scrolls of blank paper k - a cursed scroll of enchant armor w - a cursed scroll of enchant weapon B - a cursed scroll of create monster C - an uncursed scroll of create monster P - an uncursed scroll of punishment R - a cursed scroll of blank paper S - a blessed scroll of blank paper Potions i - a blessed potion of restore ability m - a cursed potion of hallucination p - an uncursed potion of speed s - an uncursed potion of enlightenment Rings Q - an uncursed ring of polymorph control (on left hand) Wands O - an uncursed wand of magic missile (0:4) Tools v - an uncursed lock pick T - an uncursed tallow candle (0:200) Gems G - an uncursed worthless piece of black glass H - an uncursed jasper stone Y - 2 uncursed worthless pieces of green glass Spells and supernatural/magical abilities: Name Level Category Fail Memory p - protection 1 clerical 87% 96% W - pray for help -- divine ? -- Your skills at the end: Fighting Skills Weapon Skills dagger [Basic] long sword [Basic] Spellcasting Skills Final Attributes: You were piously aligned. You were cold resistant. You were stealthy. You had polymorph control. You were lucky. You are dead. Vanquished creatures: a small mimic 2 gnome kings a housecat a bugbear an imp 6 gnome lords a gnomish wizard a black naga hatchling a guardian naga hatchling a paper golem a baby crocodile 3 giant ants a kitten 4 dwarves a homunculus a rothe 2 iguanas a gas spore a large kobold 2 giant rats a yellow mold 23 gnomes 5 jackals 2 foxes 2 kobolds 3 goblins 2 bats 5 lichens 4 newts 80 creatures vanquished. Voluntary challenges: You had been an atheist until turn 2320. You used a wielded weapon 121 times, starting on turn 27. You read items or engraved 4 times, starting on turn 1626. You never genocided any monsters. You never polymorphed an object. You never changed form. You used no wishes. You never split a pudding. You never wrote Elbereth's name. You never violated your personal moral code. Dungeon overview: The Dungeons of Doom: levels 1 to 4 Level 1 a fountain a long staircase Level 2 some fountains Level 3 a sink Level 4 a fountain stairs to The Gnomish Mines The Gnomish Mines: levels 5 to 7 Level 5 stairs to The Dungeons of Doom Level 6 Level 7 <- You were here many shops, a temple to Tyr, some fountains History has recorded: On T:1 you entered the Dungeons of Doom to retrieve the Amulet of Yendor! On T:219 you advanced to experience level 2. On T:315 you reached level 2 of The Dungeons of Doom. On T:516 you reached level 3 of The Dungeons of Doom. On T:517 you advanced to experience level 3. On T:913 you reached level 4 of The Dungeons of Doom. On T:937 you advanced to experience level 4. On T:1210 you reached level 1 of The Gnomish Mines. On T:1318 you advanced to experience level 5. On T:1440 you reached level 2 of The Gnomish Mines. On T:1753 you advanced to experience level 6. On T:2169 you reached level 3 of The Gnomish Mines. Score breakdown: Gold: 208 ( 7892 points) Experience: 6 levels (12456 points) Exploration: 7 levels ( 15.22%) (10954 points) Discoveries: 6 items ( 2.44%) ( 4685 points) Valuables value: (no points given unless you survive) Artifact value: 0 ( 0 points) Variety of kills: 29 monsters ( 7.61%) ( 8276 points) Turncount: 2538 turns ( -352 points) Survival: died (score multiplied by 80%) Total score: 35128 Latest messages: You are now wearing a ring called 150. You hear crashing rock. The dog drops 8 throwing stars. Pick an object. Never mind. The jaguar hits! (2x) The jaguar misses. You hit the jaguar. The jaguar hits! The jaguar misses. (2x) The jaguar hits! (2x) The jaguar misses. The jaguar just misses! The jaguar hits! The jaguar bites! The jaguar misses. (2x) The jaguar bites! You die... Final status: Farvel Yabala the Valkyrie, killed by a jaguar... You died in The Gnomish Mines on dungeon level 7 with 35128 points, and 208 pieces of gold, after 2538 moves. You were level 6 with a maximum of 62 hit points when you died.